[ AOE2 MATCH · #483419669 ]
Team RMChinese vs Malians
[ REPLAY ANALYSIS · EXTRACTED FROM THE RECORDED GAME ]
Feudal
12:18
Castle
19:17
Imperial
38:48
| APM avg | 16.9 |
| APM peak | 56 |
| eAPM avg | 12.4 |
| Villagers / military | 111 / 254 |
Focus
⚔️ 36.4% · 🌾 63.6%
Scout Cavalry ×82 · Archer ×57 · Fire Lancer ×47 · Chu Ko Nu ×41 · Trebuchet (Packed) ×14 · Skirmisher ×11
Feudal
9:31
Castle
19:23
Imperial
42:19
| APM avg | 29.5 |
| APM peak | 63 |
| eAPM avg | 14.8 |
| Villagers / military | 131 / 230 |
Focus
⚔️ 35.7% · 🌾 64.3%
Militia ×89 · Spearman ×62 · Skirmisher ×61 · Battering Ram ×11 · Trebuchet (Packed) ×7
Feudal
12:16
Castle
23:49
Imperial
38:23
| APM avg | 17.6 |
| APM peak | 44 |
| eAPM avg | 8.5 |
| Villagers / military | 68 / 153 |
Focus
⚔️ 35.9% · 🌾 64.1%
Spearman ×128 · Militia ×8 · Samurai ×6 · Scorpion ×6 · Archer ×2 · Trebuchet (Packed) ×2
Feudal
11:47
Castle
24:19
Imperial
37:06
| APM avg | 26.2 |
| APM peak | 76 |
| eAPM avg | 14.4 |
| Villagers / military | 81 / 199 |
Focus
⚔️ 34.2% · 🌾 65.8%
Hand Cannoneer ×70 · Skirmisher ×49 · Archer ×36 · Elephant Archer ×34 · Trebuchet (Packed) ×5 · Militia ×3
Match map
Initial resources + every placement click. Lines = walls · curves = elevation contours. ◆ gold · ⬟ stone · ● berries · ✦ relic · ◌ wall gap
Your base· ✓ Closed at 19:17 · 25t walls · no gate
guisoconlenteja180's base· Open — opponent sealed themselves in
Big_Joe's base· ✓ Closed at 23:49 · 30t walls · no gate
Rama Rama Rama's base· Open — opponent sealed themselves in
Smoothed initial terrain · ◌ = detected wall gap · hover for details
Inputs per minute
— bjoern4tel - - guisoconlenteja180
Build order — bjoern4tel
First 150 of 372 actions detected
| 0:04 | Build | House |
| 0:07 | Build | House |
| 1:13 | Create | Villager (Male) |
| 1:39 | Create | Villager (Male) |
| 2:17 | Build | Lumber Camp |
| 2:23 | Create | Villager (Male) |
| 2:46 | Create | Villager (Male) |
| 3:06 | Create | Villager (Male) |
| 4:02 | Build | House |
| 4:05 | Create | Villager (Male) |
| 4:47 | Create | Villager (Male) |
| 4:48 | Create | Villager (Male) |
| 5:03 | Build | Mill |
| 5:55 | Build | Palisade Wall |
| 5:59 | Create | Villager (Male) |
| 6:10 | Create | Villager (Male) |
| 6:36 | Create | Villager (Male) |
| 6:36 | Create | Villager (Male) |
| 7:08 | Create | Villager (Male) |
| 7:08 | Create | Villager (Male) |
| 7:29 | Build | Barracks |
| 7:32 | Create | Villager (Male) |
| 8:35 | Create | Villager (Male) |
| 8:46 | Build | House |
| 8:53 | Build | Palisade Wall |
| 9:18 | Create | Villager (Male) |
| 10:04 | Create | Villager (Male) |
| 10:09 | Research | Feudal Age |
| 10:18 | Build | Farm |
| 10:27 | Create | Villager (Male) |
| 11:06 | Create | Villager (Male) |
| 11:14 | Build | Farm |
| 11:14 | Build | Farm |
| 11:14 | Build | Farm |
| 11:15 | Build | Farm |
| 11:15 | Build | Farm |
| 11:17 | Build | Farm |
| 11:52 | Build | Farm |
| 12:18 | Age | Feudal Age |
| 12:23 | Research | Double-Bit Axe |
| 12:52 | Create | Villager (Male) |
| 12:53 | Create | Villager (Male) |
| 12:59 | Build | Farm |
| 13:05 | Build | Farm |
| 13:34 | Build | House |
| 13:36 | Build | House |
| 13:41 | Create | Villager (Male) |
| 13:54 | Build | Mining Camp |
| 13:57 | Create | Villager (Male) |
| 14:09 | Create | Villager (Male) |
| 14:24 | Create | Villager (Male) |
| 14:46 | Build | Archery Range |
| 15:03 | Build | Outpost |
| 15:06 | Create | Villager (Male) |
| 15:14 | Create | Villager (Male) |
| 15:18 | Research | Horse Collar |
| 15:28 | Create | Villager (Male) |
| 15:52 | Build | Farm |
| 16:03 | Build | Blacksmith |
| 16:37 | Research | Castle Age |
| 16:55 | Build | Farm |
| 17:18 | Build | Outpost |
| 17:21 | Create | Villager (Male) |
| 17:22 | Create | Villager (Male) |
| 17:32 | Create | Archer |
| 17:33 | Create | Archer |
| 17:47 | Create | Villager (Male) |
| 17:53 | Build | Farm |
| 17:53 | Build | Farm |
| 17:53 | Build | Farm |
| 17:53 | Build | Farm |
| 17:54 | Build | Farm |
| 17:56 | Create | Villager (Male) |
| 17:57 | Create | Villager (Male) |
| 18:23 | Research | Fletching |
| 18:27 | Create | Villager (Male) |
| 18:56 | Create | Villager (Male) |
| 19:17 | Age | Castle Age |
| 19:36 | Build | Town Center |
| 19:43 | Create | Villager (Male) |
| 19:43 | Create | Villager (Male) |
| 20:11 | Create | Villager (Male) |
| 20:17 | Build | Lumber Camp |
| 20:47 | Build | Archery Range |
| 20:50 | Research | Bodkin Arrow |
| 20:57 | Research | Thumb Ring |
| 21:03 | Create | Villager (Male) |
| 21:04 | Create | Villager (Male) |
| 21:18 | Create | Villager (Male) |
| 21:30 | Create | Villager (Male) |
| 21:30 | Create | Villager (Male) |
| 21:30 | Create | Villager (Male) |
| 21:38 | Research | Town Watch |
| 21:42 | Create | Villager (Male) |
| 22:25 | Create | Villager (Male) |
| 22:26 | Create | Villager (Male) |
| 22:26 | Create | Villager (Male) |
| 22:34 | Build | University |
| 23:02 | Build | Archery Range |
| 23:08 | Create | Villager (Male) |
| 23:08 | Create | Villager (Male) |
| 23:09 | Create | Villager (Male) |
| 23:14 | Research | Crossbowman (upgrade) |
| 23:17 | Create | Villager (Male) |
| 23:17 | Create | Villager (Male) |
| 23:34 | Research | Bow Saw |
| 23:45 | Research | Heavy Plow |
| 24:07 | Create | Villager (Male) |
| 24:08 | Create | Villager (Male) |
| 24:14 | Build | Mining Camp |
| 24:23 | Create | Villager (Male) |
| 24:27 | Create | Archer |
| 24:27 | Create | Archer |
| 24:28 | Create | Archer |
| 24:31 | Create | Archer |
| 25:00 | Build | Mining Camp |
| 25:04 | Create | Archer |
| 25:25 | Build | Mining Camp |
| 25:49 | Build | Palisade Gate |
| 26:11 | Create | Villager (Male) |
| 26:11 | Create | Villager (Male) |
| 26:12 | Create | Villager (Male) |
| 26:17 | Create | Villager (Male) |
| 26:17 | Create | Villager (Male) |
| 26:17 | Create | Villager (Male) |
| 26:18 | Create | Villager (Male) |
| 26:18 | Create | Villager (Male) |
| 26:18 | Create | Villager (Male) |
| 26:21 | Build | House |
| 26:24 | Build | House |
| 26:29 | Build | House |
| 26:30 | Build | House |
| 26:32 | Build | House |
| 26:33 | Build | House |
| 26:34 | Build | House |
| 26:36 | Build | House |
| 26:39 | Build | House |
| 26:41 | Build | House |
| 26:42 | Build | House |
| 26:44 | Build | House |
| 26:46 | Build | House |
| 26:47 | Build | House |
| 27:07 | Build | Stable |
| 27:14 | Create | Villager (Male) |
| 27:14 | Create | Villager (Male) |
| 27:14 | Create | Villager (Male) |
| 27:14 | Create | Villager (Male) |
| 27:56 | Create | Villager (Male) |
| 27:57 | Create | Villager (Male) |
| 28:10 | Build | Town Center |
Build order — guisoconlenteja180
First 150 of 325 actions detected
| 0:01 | Create | Villager (Male) |
| 0:01 | Create | Villager (Male) |
| 0:01 | Create | Villager (Male) |
| 0:02 | Build | House |
| 0:04 | Build | House |
| 1:00 | Create | Villager (Male) |
| 1:29 | Create | Villager (Male) |
| 2:10 | Create | Villager (Male) |
| 2:34 | Create | Villager (Male) |
| 2:48 | Build | Lumber Camp |
| 3:27 | Create | Villager (Male) |
| 3:28 | Create | Villager (Male) |
| 3:28 | Create | Villager (Male) |
| 3:48 | Build | House |
| 4:19 | Create | Villager (Male) |
| 4:19 | Create | Villager (Male) |
| 5:03 | Create | Villager (Male) |
| 5:04 | Create | Villager (Male) |
| 5:53 | Create | Villager (Male) |
| 6:05 | Create | Villager (Male) |
| 6:13 | Build | Mill |
| 6:44 | Research | Loom |
| 7:21 | Research | Feudal Age |
| 8:57 | Research | Loom |
| 8:58 | Create | Villager (Male) |
| 9:31 | Age | Feudal Age |
| 9:43 | Build | House |
| 10:00 | Create | Villager (Male) |
| 10:38 | Build | Mining Camp |
| 10:43 | Create | Villager (Male) |
| 11:04 | Build | Barracks |
| 11:18 | Build | House |
| 11:26 | Build | Market |
| 11:33 | Build | Farm |
| 11:33 | Build | Farm |
| 11:52 | Create | Villager (Male) |
| 11:53 | Create | Villager (Male) |
| 11:53 | Create | Villager (Male) |
| 11:53 | Create | Villager (Male) |
| 12:15 | Build | Palisade Wall |
| 12:28 | Build | Palisade Wall |
| 12:32 | Build | House |
| 13:11 | Build | Farm |
| 13:11 | Build | Farm |
| 13:15 | Create | Villager (Male) |
| 13:15 | Create | Villager (Male) |
| 13:15 | Create | Villager (Male) |
| 13:16 | Create | Villager (Male) |
| 13:26 | Build | House |
| 13:46 | Build | Blacksmith |
| 13:59 | Build | Farm |
| 14:05 | Build | Farm |
| 14:06 | Build | Farm |
| 14:59 | Build | Farm |
| 14:59 | Build | Farm |
| 15:01 | Build | Farm |
| 15:24 | Build | House |
| 15:28 | Create | Villager (Male) |
| 15:29 | Create | Villager (Male) |
| 15:29 | Create | Villager (Male) |
| 16:29 | Research | Castle Age |
| 16:42 | Build | Farm |
| 16:58 | Build | House |
| 17:04 | Build | House |
| 17:25 | Build | House |
| 17:30 | Build | Farm |
| 17:35 | Build | Farm |
| 17:39 | Build | Farm |
| 18:01 | Build | Stone Wall |
| 18:10 | Research | Wheelbarrow |
| 18:12 | Research | Double-Bit Axe |
| 18:15 | Research | Horse Collar |
| 18:47 | Research | Man-at-Arms (upgrade) |
| 18:49 | Research | Arson |
| 18:54 | Research | Arson |
| 19:23 | Age | Castle Age |
| 19:24 | Build | Gate |
| 19:33 | Build | Stone Wall |
| 19:52 | Build | Town Center |
| 20:31 | Build | Town Center |
| 20:34 | Create | Villager (Male) |
| 20:34 | Create | Villager (Male) |
| 20:34 | Create | Villager (Male) |
| 20:35 | Create | Villager (Male) |
| 20:41 | Research | Long Swordsman (upgrade) |
| 20:44 | Research | Squires |
| 20:50 | Build | Barracks |
| 20:56 | Build | Barracks |
| 21:00 | Create | Villager (Male) |
| 21:00 | Create | Villager (Male) |
| 21:11 | Create | Villager (Male) |
| 21:11 | Create | Villager (Male) |
| 21:11 | Create | Villager (Male) |
| 21:22 | Research | Town Watch |
| 21:29 | Build | Outpost |
| 21:33 | Build | Outpost |
| 21:41 | Create | Militia |
| 22:00 | Create | Villager (Male) |
| 22:00 | Create | Villager (Male) |
| 22:10 | Create | Villager (Male) |
| 22:11 | Create | Villager (Male) |
| 22:27 | Create | Villager (Male) |
| 22:28 | Create | Villager (Male) |
| 22:34 | Create | Militia |
| 22:54 | Build | Farm |
| 22:54 | Build | Farm |
| 22:54 | Build | Farm |
| 22:55 | Build | Farm |
| 22:55 | Build | Farm |
| 22:55 | Build | Farm |
| 23:08 | Build | Farm |
| 23:08 | Build | Farm |
| 23:08 | Build | Farm |
| 23:09 | Build | Farm |
| 23:09 | Build | Farm |
| 23:10 | Build | Farm |
| 23:10 | Build | Farm |
| 23:10 | Build | Farm |
| 23:11 | Build | Farm |
| 23:34 | Research | Forging |
| 23:34 | Research | Scale Mail Armor |
| 23:35 | Create | Villager (Male) |
| 23:50 | Build | Farm |
| 24:01 | Create | Militia ×3 |
| 24:49 | Research | Iron Casting |
| 24:54 | Build | Farm |
| 24:55 | Build | Farm |
| 24:57 | Create | Villager (Male) |
| 24:57 | Create | Villager (Male) |
| 24:58 | Create | Villager (Male) |
| 24:58 | Create | Villager (Male) |
| 25:02 | Create | Villager (Male) |
| 25:09 | Create | Villager (Male) |
| 25:11 | Create | Villager (Male) |
| 25:44 | Build | Archery Range |
| 25:45 | Build | Archery Range |
| 25:46 | Build | Archery Range |
| 25:51 | Create | Villager (Male) |
| 25:51 | Create | Villager (Male) |
| 25:51 | Create | Villager (Male) |
| 25:52 | Create | Villager (Male) |
| 26:08 | Create | Villager (Male) |
| 26:09 | Create | Villager (Male) |
| 26:19 | Research | Fletching |
| 26:22 | Research | Padded Archer Armor |
| 26:40 | Build | Farm |
| 26:40 | Build | Farm |
| 26:41 | Build | Farm |
| 26:41 | Build | Farm |
| 27:10 | Build | Castle |
Build order — Big_Joe
First 150 of 225 actions detected
| 0:05 | Build | House |
| 0:07 | Build | House |
| 0:22 | Create | Villager (Male) |
| 0:23 | Create | Villager (Male) |
| 0:23 | Create | Villager (Male) |
| 0:43 | Create | Villager (Male) |
| 1:50 | Create | Villager (Male) |
| 2:25 | Create | Villager (Male) |
| 3:00 | Create | Villager (Male) |
| 3:07 | Create | Villager (Male) |
| 3:29 | Create | Villager (Male) |
| 3:42 | Build | Lumber Camp |
| 3:51 | Create | Villager (Male) |
| 3:57 | Build | House |
| 4:26 | Create | Villager (Male) |
| 4:38 | Build | House |
| 4:45 | Build | Mill |
| 4:54 | Create | Villager (Male) |
| 5:16 | Research | Loom |
| 5:59 | Create | Villager (Male) |
| 6:26 | Build | Barracks |
| 6:43 | Create | Villager (Male) |
| 8:45 | Build | House |
| 8:46 | Build | House |
| 8:51 | Create | Villager (Male) |
| 8:52 | Create | Villager (Male) |
| 9:40 | Create | Villager (Male) |
| 9:47 | Research | Feudal Age |
| 9:58 | Build | House |
| 10:23 | Build | House |
| 10:25 | Build | House |
| 10:28 | Build | House |
| 10:39 | Build | House |
| 10:41 | Build | House |
| 11:10 | Build | Mining Camp |
| 11:29 | Build | Mining Camp |
| 11:42 | Build | Farm |
| 11:44 | Build | Farm |
| 11:55 | Build | Farm |
| 11:55 | Build | Farm |
| 12:15 | Create | Villager (Male) |
| 12:15 | Create | Villager (Male) |
| 12:16 | Age | Feudal Age |
| 12:37 | Build | Archery Range |
| 12:45 | Create | Spearman |
| 12:46 | Create | Spearman |
| 13:03 | Research | Double-Bit Axe |
| 13:06 | Create | Villager (Male) |
| 13:36 | Build | House |
| 13:46 | Create | Villager (Male) |
| 13:47 | Create | Villager (Male) |
| 14:12 | Research | Horse Collar |
| 15:31 | Create | Villager (Male) |
| 15:32 | Create | Villager (Male) |
| 16:22 | Build | Stone Wall |
| 16:32 | Build | Blacksmith |
| 16:55 | Create | Villager (Male) |
| 16:55 | Create | Villager (Male) |
| 16:56 | Create | Villager (Male) |
| 17:06 | Research | Wheelbarrow |
| 17:17 | Build | Farm |
| 17:18 | Build | Farm |
| 17:35 | Build | Farm |
| 17:47 | Build | Farm |
| 17:47 | Build | Farm |
| 17:47 | Build | Farm |
| 18:33 | Build | Farm |
| 18:34 | Build | Farm |
| 18:34 | Build | Farm |
| 18:54 | Build | Lumber Camp |
| 19:31 | Build | House |
| 20:01 | Build | Watch Tower |
| 20:39 | Create | Archer |
| 20:39 | Create | Archer |
| 21:09 | Research | Castle Age |
| 22:50 | Build | Lumber Camp |
| 23:14 | Build | Stone Wall |
| 23:49 | Age | Castle Age |
| 23:54 | Build | Monastery |
| 24:22 | Build | Town Center |
| 24:27 | Create | Villager (Male) |
| 24:27 | Create | Villager (Male) |
| 24:31 | Create | Monk |
| 24:44 | Build | Farm |
| 25:18 | Create | Villager (Male) |
| 25:18 | Create | Villager (Male) |
| 26:09 | Research | Man-at-Arms (upgrade) |
| 26:23 | Research | Gambesons |
| 26:25 | Research | Squires |
| 26:28 | Research | Arson |
| 26:42 | Build | Farm |
| 26:43 | Build | Farm |
| 26:46 | Create | Villager (Male) ×5 |
| 26:50 | Research | Hand Cart |
| 26:55 | Research | Heavy Plow |
| 26:58 | Research | Bow Saw |
| 27:22 | Build | Barracks |
| 27:30 | Create | Villager (Male) |
| 27:30 | Create | Villager (Male) |
| 27:34 | Research | Town Watch |
| 27:36 | Create | Villager (Male) |
| 28:14 | Build | University |
| 28:27 | Research | Long Swordsman (upgrade) |
| 28:31 | Create | Militia ×4 |
| 28:41 | Build | Farm |
| 28:45 | Create | Villager (Male) |
| 29:03 | Research | Scale Mail Armor |
| 29:35 | Build | Farm |
| 29:37 | Create | Villager (Male) |
| 29:52 | Create | Villager (Male) |
| 29:52 | Create | Villager (Male) |
| 29:52 | Create | Villager (Male) |
| 30:10 | Build | Farm |
| 30:12 | Create | Villager (Male) |
| 30:12 | Create | Villager (Male) |
| 30:18 | Build | Farm |
| 30:25 | Research | Ballistics |
| 30:33 | Research | Forging |
| 30:54 | Build | Farm |
| 30:57 | Create | Villager (Male) |
| 31:00 | Create | Villager (Male) |
| 31:01 | Create | Villager (Male) |
| 31:15 | Build | Market |
| 31:23 | Create | Militia |
| 31:23 | Create | Militia |
| 31:25 | Create | Militia |
| 31:26 | Create | Militia |
| 31:41 | Build | House |
| 31:42 | Build | House |
| 31:43 | Build | House |
| 31:44 | Build | House |
| 31:45 | Build | House |
| 31:47 | Build | House |
| 31:48 | Build | House |
| 31:54 | Build | Farm |
| 31:57 | Build | Farm |
| 32:01 | Create | Villager (Male) |
| 32:01 | Create | Villager (Male) |
| 32:06 | Create | Villager (Male) |
| 32:06 | Create | Villager (Male) |
| 32:48 | Build | Gate |
| 33:00 | Create | Villager (Male) ×5 |
| 33:08 | Build | Farm |
| 33:08 | Build | Farm |
| 33:11 | Create | Villager (Male) |
| 33:11 | Create | Villager (Male) |
| 33:11 | Create | Villager (Male) |
| 33:20 | Create | Villager (Male) |
| 33:20 | Create | Villager (Male) |
| 33:33 | Build | Lumber Camp |
Build order — Rama Rama Rama
First 150 of 231 actions detected
| 0:04 | Build | House |
| 0:06 | Build | House |
| 0:08 | Create | Villager (Male) |
| 0:09 | Create | Villager (Male) |
| 0:09 | Create | Villager (Male) |
| 0:09 | Create | Villager (Male) |
| 0:09 | Create | Villager (Male) |
| 0:10 | Create | Villager (Male) |
| 0:43 | Research | Loom |
| 1:47 | Create | Villager (Male) |
| 1:48 | Create | Villager (Male) |
| 1:48 | Create | Villager (Male) |
| 2:30 | Create | Villager (Male) |
| 2:31 | Create | Villager (Male) |
| 3:25 | Create | Villager (Male) |
| 3:26 | Create | Villager (Male) |
| 3:26 | Create | Villager (Male) |
| 4:15 | Create | Villager (Male) |
| 4:15 | Create | Villager (Male) |
| 4:16 | Create | Villager (Male) |
| 4:16 | Create | Villager (Male) |
| 4:23 | Build | House |
| 4:31 | Build | Lumber Camp |
| 4:47 | Build | House |
| 5:37 | Create | Villager (Male) |
| 5:38 | Create | Villager (Male) |
| 5:38 | Create | Villager (Male) |
| 5:38 | Create | Villager (Male) |
| 5:38 | Create | Villager (Male) |
| 6:09 | Create | Villager (Male) |
| 6:11 | Create | Villager (Male) |
| 6:42 | Create | Villager (Male) |
| 6:42 | Create | Villager (Male) |
| 6:43 | Create | Villager (Male) |
| 6:43 | Create | Villager (Male) |
| 7:08 | Build | Mill |
| 8:00 | Build | Barracks |
| 9:37 | Research | Feudal Age |
| 10:51 | Build | Barracks |
| 11:07 | Create | Villager (Male) ×4 |
| 11:47 | Age | Feudal Age |
| 11:50 | Research | Double-Bit Axe |
| 11:58 | Build | Mining Camp |
| 12:08 | Research | Horse Collar |
| 12:39 | Research | Man-at-Arms (upgrade) |
| 12:56 | Build | Farm |
| 12:56 | Build | Farm |
| 12:56 | Build | Farm |
| 12:56 | Build | Farm |
| 12:57 | Build | Farm |
| 12:57 | Build | Farm |
| 12:57 | Build | Farm |
| 12:58 | Build | Farm |
| 12:58 | Build | Farm |
| 12:58 | Build | Farm |
| 12:58 | Build | Farm |
| 13:24 | Research | Gold Mining |
| 13:29 | Create | Villager (Male) ×2 |
| 13:37 | Build | House |
| 13:39 | Build | House |
| 13:49 | Build | Farm |
| 14:18 | Build | Mining Camp |
| 14:35 | Create | Villager (Male) ×2 |
| 14:59 | Create | Militia ×2 |
| 15:07 | Build | Farm |
| 15:24 | Build | Farm |
| 15:43 | Create | Villager (Male) |
| 15:44 | Create | Villager (Male) |
| 15:44 | Create | Villager (Male) |
| 15:48 | Build | Farm |
| 15:52 | Create | Militia |
| 15:55 | Create | Spearman |
| 16:36 | Build | Market |
| 16:49 | Build | Farm |
| 17:17 | Build | Stone Wall |
| 17:30 | Build | Stone Wall |
| 17:51 | Create | Villager (Male) ×5 |
| 17:57 | Build | House |
| 17:59 | Build | House |
| 18:53 | Research | Stone Mining |
| 19:04 | Build | Blacksmith |
| 20:09 | Research | Forging |
| 20:24 | Research | Wheelbarrow |
| 21:08 | Build | Gate |
| 21:37 | Research | Castle Age |
| 23:07 | Create | Villager (Male) ×5 |
| 23:22 | Build | Archery Range |
| 23:23 | Build | Archery Range |
| 23:24 | Build | Archery Range |
| 23:27 | Build | Archery Range |
| 23:37 | Build | Lumber Camp |
| 24:19 | Age | Castle Age |
| 24:31 | Build | Town Center |
| 25:09 | Research | Elite Skirmisher (upgrade) |
| 25:30 | Create | Villager (Male) ×5 |
| 25:31 | Create | Villager (Male) ×5 |
| 25:45 | Build | Farm |
| 25:45 | Build | Farm |
| 25:45 | Build | Farm |
| 25:45 | Build | Farm |
| 25:46 | Build | Farm |
| 25:46 | Build | Farm |
| 25:51 | Create | Villager (Male) |
| 26:12 | Research | Heavy Plow |
| 26:14 | Research | Bow Saw |
| 26:21 | Create | Skirmisher ×5 |
| 26:21 | Create | Skirmisher ×5 |
| 26:22 | Create | Skirmisher ×5 |
| 26:22 | Create | Skirmisher ×2 |
| 26:22 | Create | Skirmisher ×2 |
| 26:25 | Create | Skirmisher |
| 26:49 | Build | House |
| 26:50 | Build | House |
| 26:56 | Build | Castle |
| 27:16 | Build | Castle |
| 27:26 | Build | Farm |
| 27:29 | Build | Farm |
| 28:07 | Build | Farm |
| 28:12 | Build | Farm |
| 28:36 | Build | Farm |
| 28:45 | Create | Skirmisher ×2 |
| 28:45 | Create | Skirmisher ×2 |
| 29:12 | Research | Fletching |
| 29:24 | Create | Skirmisher ×5 |
| 29:26 | Create | Skirmisher ×5 |
| 29:48 | Build | Gate |
| 29:54 | Research | Hand Cart |
| 29:57 | Research | Town Watch |
| 30:00 | Build | Farm |
| 30:17 | Research | Padded Archer Armor |
| 30:29 | Build | University |
| 30:39 | Build | Monastery |
| 30:40 | Build | Monastery |
| 30:45 | Research | Town Patrol |
| 30:57 | Create | Skirmisher ×5 |
| 31:09 | Build | Lumber Camp |
| 31:26 | Create | Monk |
| 31:42 | Research | Ballistics |
| 32:20 | Create | Elephant Archer ×5 |
| 32:20 | Create | Elephant Archer ×5 |
| 32:21 | Create | Elephant Archer ×5 |
| 32:21 | Create | Elephant Archer ×5 |
| 32:45 | Build | House |
| 32:46 | Build | House |
| 32:54 | Create | Villager (Male) ×5 |
| 32:54 | Create | Villager (Male) ×5 |
| 33:01 | Build | Mill |
| 33:15 | Create | Villager (Male) ×5 |
| 33:49 | Research | Imperial Age |
| 34:01 | Research | Fortified Wall (upgrade) |
Match timeline
| 5:55 | bjoern4tel · wall_segment Palisade Wall x12 |
| 6:26 | Big_Joe · first_building Barracks |
| 7:29 | bjoern4tel · first_building Barracks |
| 8:00 | Rama Rama Rama · first_building Barracks |
| 8:53 | bjoern4tel · wall_segment Palisade Wall x13 |
| 9:31 | guisoconlenteja180 · age_up feudal |
| 11:04 | guisoconlenteja180 · first_building Barracks |
| 11:47 | Rama Rama Rama · age_up feudal |
| 12:15 | guisoconlenteja180 · wall_segment Palisade Wall x5 |
| 12:16 | Big_Joe · age_up feudal |
| 12:18 | bjoern4tel · age_up feudal |
| 12:28 | guisoconlenteja180 · wall_segment Palisade Wall x13 |
| 12:37 | Big_Joe · first_building Archery Range |
| 14:46 | bjoern4tel · first_building Archery Range |
| 16:22 | Big_Joe · wall_segment Stone Wall x29 |
| 16:27 | guisoconlenteja180 · first_market_sell 100 wood |
| 16:27 | guisoconlenteja180 · first_market_buy 100 food |
| 17:17 | Rama Rama Rama · wall_segment Stone Wall x10 |
| 17:30 | Rama Rama Rama · wall_segment Stone Wall x25 |
| 18:01 | guisoconlenteja180 · wall_segment Stone Wall x1 |
| 19:17 | bjoern4tel · age_up castle |
| 19:23 | guisoconlenteja180 · age_up castle |
| 19:33 | guisoconlenteja180 · wall_segment Stone Wall x1 |
| 23:14 | Big_Joe · wall_segment Stone Wall x1 |
| 23:22 | Rama Rama Rama · first_building Archery Range |
| 23:49 | Big_Joe · age_up castle |
| 23:54 | Big_Joe · first_building Monastery |
| 24:19 | Rama Rama Rama · age_up castle |
| 25:44 | guisoconlenteja180 · first_building Archery Range |
| 26:56 | Rama Rama Rama · first_building Castle |
| 27:07 | bjoern4tel · first_building Stable |
| 27:10 | guisoconlenteja180 · first_building Castle |
| 29:01 | Rama Rama Rama · first_market_buy 100 wood |
| 30:39 | Rama Rama Rama · first_building Monastery |
| 31:45 | bjoern4tel · first_building Castle |
| 33:05 | bjoern4tel · first_building Monastery |
| 33:23 | guisoconlenteja180 · first_building Siege Workshop |
| 33:31 | Rama Rama Rama · first_market_sell 100 wood |
| 34:09 | Big_Joe · first_building Castle |
| 35:13 | bjoern4tel · first_market_buy 100 food |
| 37:06 | Rama Rama Rama · age_up imperial |
| 38:23 | Big_Joe · age_up imperial |
| 38:48 | bjoern4tel · age_up imperial |
| 40:02 | Rama Rama Rama · wall_segment Stone Wall x1 |
| 42:19 | guisoconlenteja180 · age_up imperial |
| 46:32 | Big_Joe · first_building Siege Workshop |
| 48:48 | Big_Joe · wall_segment Stone Wall x15 |
| 49:41 | guisoconlenteja180 · first_building Stable |
| 53:36 | bjoern4tel · resign |
[ AI ANALYSIS · 1 CREDIT ]
What really happened in this match?
Wolo.gg analyzes every decision: build order, eco, micro, common mistakes by bracket. Personalized analysis on WhatsApp or Discord in 30 seconds.
Civ guide
Chinese
Map guide
Oasis
Perfil
Jugador #5805821